 Dungeon Crawl Stone Soup version 0.24-a0-640-ge7cd8ce796 (webtiles) character file.

Game seed: 4192019360366130384, levelgen mode: deterministic

3482 Gynju the Basher (level 10, -8/74 HPs)
             Began as a Gnoll Wanderer on Sept 25, 2019.
             Was a Priest of Okawaru.
             Mangled by a killer bee (10 damage)
             ... on level 9 of the Dungeon.
             The game lasted 00:15:48 (10606 turns).

Gynju the Basher (Gnoll Wanderer)                  Turns: 10606, Time: 00:15:49

Health: -8/74      AC: 12    Str: 20    XL:     10   Next: 7%
Magic:  17/17      EV: 13    Int: 13    God:    Okawaru [***...]
Gold:   441        SH:  7    Dex: 14    Spells: 18/18 levels left

rFire    + . .     SeeInvis .   K - +3 long sword
rCold    x . .     Gourm    .   E - +2 buckler
rNeg     . . .     Faith    .   H - +4 scale mail
rPois    .         Spirit   .   (no helmet)
rElec    .         Reflect  .   (no cloak)
rCorr    .         Harm     .   (no gloves)
MR       .....                  r - +0 pair of boots
Stlth    ++........             (no amulet)
HPRegen  0.22/turn              z - ring of fire
MPRegen  0.15/turn              (no ring)

@: lethally poisoned (-8 -> -19)
A: distributed training, fangs 1, strong nose
a: Heroism, Renounce Religion


You were on level 9 of the Dungeon.
You worshipped Okawaru.
Okawaru was most pleased with you.
You were not hungry.

You visited 2 branches of the dungeon, and saw 10 of its levels.
You also visited: Sewer.

You collected 441 gold pieces.

Inventory:

Hand Weapons
 K - a +3 long sword (weapon)
Missiles
 i - 219 stones
 l - 8 javelins (quivered)
 o - 4 silver javelins
Armour
 r - a +0 pair of boots (worn)
 E - a +2 buckler (worn)
 H - a +4 scale mail (worn)
Jewellery
 z - a ring of fire (left hand)
 A - an uncursed ring of stealth {unknown}
Wands
 h - a wand of digging (4)
 p - a wand of disintegration (35)
 D - a wand of polymorph (5)
 F - a wand of acid (10)
 M - a wand of iceblast (12)
Scrolls
 c - 7 scrolls of teleportation
 e - 3 scrolls of enchant armour {unknown}
 g - 5 scrolls of remove curse {unknown}
 j - 4 scrolls of amnesia {unknown}
 k - a scroll of summoning {unknown}
 m - 3 scrolls of immolation {unknown}
 q - a scroll of random uselessness {unknown}
 s - 6 scrolls of blinking {unknown}
 t - 2 scrolls of fog {unknown}
 y - a scroll of magic mapping {unknown}
 G - a scroll of identify {unknown}
 I - a scroll of enchant weapon {unknown}
 J - a scroll of brand weapon {unknown}
 L - 2 scrolls of fear {unknown}
Potions
 b - 3 potions of lignification
 d - 3 potions of flight {unknown}
 n - 2 potions of might {unknown}
 u - 4 potions of brilliance {unknown}
 v - 3 potions of haste {unknown}
 w - 3 potions of heal wounds {unknown}
 x - 3 potions of magic {unknown}
 B - 6 potions of curing {unknown}
 C - 2 potions of agility {unknown}
Comestibles
 a - 12 chunks of flesh
 f - 14 rations


   Skills:
 + Level 5.5 Fighting
 + Level 6.7 Short Blades
 + Level 4.8 Long Blades
 + Level 4.8 Axes
 + Level 8.2 Maces & Flails
 + Level 4.8 Polearms
 + Level 4.8 Staves
 + Level 4.8 Slings
 + Level 4.8 Bows
 + Level 4.8 Crossbows
 + Level 4.8 Throwing
 + Level 4.8 Armour
 + Level 5.5 Dodging
 + Level 7.8 Stealth
 + Level 4.8 Shields
 + Level 4.8 Unarmed Combat
 + Level 4.8 Spellcasting
 + Level 4.0 Conjurations
 + Level 4.0 Hexes
 + Level 4.0 Charms
 + Level 4.0 Summonings
 + Level 4.0 Necromancy
 + Level 4.0 Translocations
 + Level 4.0 Transmutations
 + Level 4.0 Fire Magic
 + Level 4.0 Ice Magic
 + Level 4.0 Air Magic
 + Level 4.0 Earth Magic
 + Level 4.0 Poison Magic
 + Level 5.3 Invocations
 + Level 4.8 Evocations


You had 18 spell levels left.
You didn't know any spells.
Your spell library contained the following spells:

 Spells                   Type           Power        Failure   Level  Hunger
 Animate Skeleton         Necr           N/A          10%         1    None
 Apportation              Tloc           ##....       10%         1    None
 Confusing Touch          Hex            ##....       10%         1    None
 Summon Small Mammal      Summ           ##..         10%         1    None


Dungeon Overview and Level Annotations

Branches:
Dungeon (9/15)             Temple (1/1) D:4           Sewer (visited)
   Lair: D:8-11         Orc: D:9-12

Altars:
Dithmenos
Elyvilon
Gozag
Hepliaklqana
Makhleb
Nemelex Xobeh
Okawaru
Sif Muna
Trog
Yredelemnul
Zin
The Shining One


Innate Abilities, Weirdness & Mutations

Your experience applies equally to all skills.
You have very sharp teeth.
Your uncanny sense of smell can sniff out nearby items.


Message History

The killer bee is heavily wounded.
The killer bee stings you.
* * * LOW HITPOINT WARNING * * *
You are lethally poisoned!
The killer bee poisons you!
* * * LOW HITPOINT WARNING * * *
You feel sick. The killer bee stings you.
* * * LOW HITPOINT WARNING * * *
You block the killer bee's attack.
* * * LOW HITPOINT WARNING * * *
You feel sick. The killer bee closely misses you. The killer bee stings you.
* * * LOW HITPOINT WARNING * * *
* * * LOW HITPOINT WARNING * * *
You feel sick. The killer bee closely misses you.
The killer bee barely misses you. You block the killer bee's attack.
* * * LOW HITPOINT WARNING * * *
You feel sick. You block the killer bee's attack. x2
* * * LOW HITPOINT WARNING * * *
You feel sick. The killer bee closely misses you. The killer bee stings you!
You die... ..... #....# .... #....## # PPP

#.#...###..# ####
##..÷.......# #.#
#.##y..###.# ..#
#....y.....# #.#
#.###y###### #.#
#.# #y# #.# #.###@#
#.#####.###.##.#.#
#...........#.###.#
#######......## #.#
#.#####.## ∆##
#........#
######.#####.#.. #
#............##.# #
#.####.#####.# .#


You could see a queen bee and 3 killer bees.

Vanquished Creatures
  Pikel (D:8)
  Grinder (D:4)
  A hungry ghost (D:8)
  A phantom (D:4)
  A sky beast (D:5)
  An ice beast (D:5)
  2 slaves
  2 black bears (D:7)
  An orc warrior (D:8)
  3 ogres
  A big kobold (D:6)
  5 bullfrogs
  A scorpion (D:5)
  3 killer bees (D:9)
  3 howler monkeys
  A centaur zombie (D:6)
  5 crimson imps
  2 jellies
  2 orc priests
  5 hounds
  6 orc wizards
  A centaur skeleton (D:4)
  Jessica (D:2)
  5 worker ants
  A hound skeleton (D:5)
  14 adders
  8 river rats
  2 shadow imps
  3 oozes
  An adder skeleton (D:4)
  An adder zombie (D:5)
  3 worms
  2 dart slugs (D:1)
  6 leopard geckos
  19 orcs
  9 bats
  A giant cockroach (D:4)
  7 goblins
  9 hobgoblins
  15 jackals
  20 kobolds
  6 quokkas
  15 ball pythons
  10 frilled lizards
  A leopard gecko zombie (D:5)
  A quokka zombie (D:5)
  28 rats
237 creatures vanquished.

Notes
Turn   | Place    | Note
-------+----------+-------------------------------------------
     0 | D:1      | Gynju the Gnoll Wanderer began the quest for the Orb.
     0 | D:1      | Gynju set off with the following items: a +2 short sword, a
                  | potion of lignification, a scroll of teleportation, a +0
                  | robe, a +0 dagger, a ration
     0 | D:1      | Reached XP level 1. HP: 17/17 MP: 1/1
   197 | D:1      | Reached XP level 2. HP: 23/23 MP: 2/2
   538 | D:1      | Reached XP level 3. HP: 23/28 MP: 3/3
  1065 | D:1      | Reached skill level 1 in Invocations
  1370 | D:2      | Found a hazy altar of Hepliaklqana.
  1438 | D:2      | Reached skill level 1 in Long Blades
  1438 | D:2      | Reached skill level 1 in Axes
  1438 | D:2      | Reached skill level 1 in Polearms
  1438 | D:2      | Reached skill level 1 in Staves
  1438 | D:2      | Reached skill level 1 in Slings
  1438 | D:2      | Reached skill level 1 in Bows
  1438 | D:2      | Reached skill level 1 in Crossbows
  1438 | D:2      | Reached skill level 1 in Throwing
  1438 | D:2      | Reached skill level 1 in Armour
  1438 | D:2      | Reached skill level 1 in Shields
  1438 | D:2      | Reached skill level 1 in Unarmed Combat
  1438 | D:2      | Reached skill level 1 in Spellcasting
  1438 | D:2      | Reached skill level 1 in Evocations
  1438 | D:2      | Reached XP level 4. HP: 30/34 MP: 5/5
  1634 | D:2      | Found a burning altar of Makhleb.
  1857 | D:2      | Noticed Jessica
  1861 | D:2      | Killed Jessica
  1861 | D:2      | Reached skill level 1 in Conjurations
  1861 | D:2      | Reached skill level 1 in Hexes
  1861 | D:2      | Reached skill level 1 in Charms
  1861 | D:2      | Reached skill level 1 in Summonings
  1861 | D:2      | Reached skill level 1 in Necromancy
  1861 | D:2      | Reached skill level 1 in Translocations
  1861 | D:2      | Reached skill level 1 in Transmutations
  1861 | D:2      | Reached skill level 1 in Fire Magic
  1861 | D:2      | Reached skill level 1 in Ice Magic
  1861 | D:2      | Reached skill level 1 in Air Magic
  1861 | D:2      | Reached skill level 1 in Earth Magic
  1861 | D:2      | Reached skill level 1 in Poison Magic
  2100 | D:2      | Reached XP level 5. HP: 40/40 MP: 6/6
  2728 | D:3      | Found a faded altar of an unknown god.
  2781 | D:3      | Found a glowing drain.
  2819 | Sewer    | Entered a sewer
  3075 | Sewer    | Reached XP level 6. HP: 38/47 MP: 8/8
  3582 | Sewer    | Reached skill level 5 in Short Blades
  4210 | D:3      | Reached XP level 7. HP: 52/52 MP: 10/10
  4564 | D:4      | Found a staircase to the Ecumenical Temple.
  4593 | Temple   | Entered the Ecumenical Temple
  4655 | Temple   | Became a worshipper of Warmaster Okawaru
  4684 | D:4      | Reached skill level 7 in Maces & Flails
  5070 | D:4      | Noticed Grinder
  5093 | D:4      | Killed Grinder
  5093 | D:4      | Reached * piety under Okawaru
  5093 | D:4      | Reached XP level 8. HP: 32/60 MP: 12/12
  5843 | D:4      | Got a colourful robe
  5854 | D:4      | Identified the +1 robe of Xeilyeff {*Drain Dex+6} (You
                  | found it on level 4 of the Dungeon)
  5895 | D:5      | Entered Level 5 of the Dungeon
  6257 | D:5      | Found a glowing golden altar of the Shining One.
  6259 | D:5      | Noticed an angel
  6269 | D:5      | Found a basalt altar of Yredelemnul.
  6302 | D:5      | Noticed a profane servitor
  6533 | D:5      | You fall into a shaft and drop 2 floors!
  6593 | D:7      | Found a bloodstained altar of Trog.
  6643 | D:7      | Reached ** piety under Okawaru
  6917 | D:6      | Reached XP level 9. HP: 57/66 MP: 14/14
  7184 | D:6      | Found a shimmering blue altar of Sif Muna.
  9389 | D:8      | Reached skill level 5 in Fighting
  9389 | D:8      | Reached skill level 5 in Dodging
  9700 | D:8      | Noticed Pikel
  9736 | D:8      | Killed Pikel
  9736 | D:8      | Reached *** piety under Okawaru
  9736 | D:8      | Reached skill level 8 in Maces & Flails
  9736 | D:8      | Reached skill level 5 in Invocations
 10478 | D:8      | Reached XP level 10. HP: 74/74 MP: 17/17
 10605 | D:9      | HP: 3/74 [poisoned by a killer bee]
 10606 | D:9      | Mangled by a killer bee

Levels and vault maps discovered:
D:1:      erik_arrival_triangle_medium, layout_loops_corners
D:2:      layout_loops_ring, overflow_temple_1_default, first_ration,
          amethyst_killhole, bloody_makhleb, uniq_jessica
D:3:      layout_loops_cross, chequers_ecumenical_altar_simple_redux,
          portal_sewer_entry_b
D:4:      layout_basic, minmay_temple_entry_tees, uniq_grinder
D:5:      layout_rooms, grunt_temple_overflow_holy_war
D:6:      layout_loops_corners, marbit_many_paths, serial_glass,
          glass_columns_b, glass_columns_a
D:7:      layout_basic, trog_ov_bears_minmay
D:8:      layout_basic, uniq_pikel
D:9:      layout_loops_ring, nicolae_ru_path_of_blood, erik_lair_dragon,
          orc_0_dummy, nicolae_looking_at_the_future
Temple:   regret_index_temple_sphere_string

Skill      XL: |  1  2  3  4  5  6  7  8  9 10 |
---------------+-------------------------------+-----
Stealth        | 6 7 |  7.8
Invocations    | 1 2 3 4 5 |  5.3
Long Blades    | 1 2 3 4 |  4.8
Axes           | 1 2 3 4 |  4.8
Polearms       | 1 2 3 4 |  4.8
Staves         | 1 2 3 4 |  4.8
Slings         | 1 2 3 4 |  4.8
Bows           | 1 2 3 4 |  4.8
Crossbows      | 1 2 3 4 |  4.8
Throwing       | 1 2 3 4 |  4.8
Armour         | 1 2 3 4 |  4.8
Shields        | 1 2 3 4 |  4.8
Unarmed Combat | 1 2 3 4 |  4.8
Spellcasting   | 1 2 3 4 |  4.8
Evocations     | 1 2 3 4 |  4.8
Conjurations   | 1 2 3 4 |  4.0
Hexes          | 1 2 3 4 |  4.0
Charms         | 1 2 3 4 |  4.0
Summonings     | 1 2 3 4 |  4.0
Necromancy     | 1 2 3 4 |  4.0
Translocations | 1 2 3 4 |  4.0
Transmutations | 1 2 3 4 |  4.0
Fire Magic     | 1 2 3 4 |  4.0
Ice Magic      | 1 2 3 4 |  4.0
Air Magic      | 1 2 3 4 |  4.0
Earth Magic    | 1 2 3 4 |  4.0
Poison Magic   | 1 2 3 4 |  4.0
Fighting       | 3 4 5 |  5.5
Dodging        | 3 4 5 |  5.5
Short Blades   | 5 6 |  6.7
Maces & Flails | 7 8 |  8.2

Action                   |  1- 3 |  4- 6 |  7- 9 | 10-12 || total
-------------------------+-------+-------+-------+-------++-------
Melee: Short sword       |   103 |    89 |       |       ||   192
       Bite              |     8 |    18 |    40 |     4 ||    70
       Dagger            |       |   175 |   373 |       ||   548
       Punch             |       |     1 |     1 |       ||     2
       Trident           |       |       |    50 |       ||    50
       Long sword        |       |       |     3 |    23 ||    26
Throw: Javelin           |       |       |    10 |       ||    10
       Stone             |       |       |     2 |       ||     2
  Use: Potion            |       |     1 |       |       ||     1
 Stab: Sleeping          |     9 |     5 |    17 |     1 ||    32
       Distracted        |     1 |     1 |       |       ||     2
  Eat: Chunk             |     2 |     9 |    20 |       ||    31
Armor: Leather armour    |    22 |       |       |       ||    22
       Scale mail        |    15 |    98 |    84 |    17 ||   214
       Skin              |       |    31 |       |       ||    31
       Robe              |       |       |    15 |       ||    15
Dodge: Dodged            |    70 |   181 |   148 |    43 ||   442
Block: Buckler           |       |       |    70 |    29 ||    99
       Rpst.: Long sword |       |       |     1 |    19 ||    20

Table legend:
 A = Non-vault XP
 B = Vault XP
 C = Vault XP percentage of total XP
 D = Non-vault monster count
 E = Vault monster count
 F = Vault count percentage of total count
                 A         B        C        D         E       F
            +---------+---------+-------+---------+---------+-------
      Total |    3246 |    1729 |  34.8 |     173 |      62 |  26.4
            +---------+---------+-------+---------+---------+-------
        D:1 |      65 |       0 |   0.0 |      35 |       0 |   0.0
        D:2 |      69 |      37 |  34.9 |      20 |       1 |   4.8
        D:3 |     120 |      34 |  22.1 |      32 |       5 |  13.5
        D:4 |     605 |     281 |  31.7 |      19 |       1 |   5.0
        D:5 |     461 |       0 |   0.0 |      12 |       0 |   0.0
        D:6 |     354 |       3 |   0.8 |      22 |       1 |   4.3
        D:7 |     338 |     254 |  42.9 |       9 |       2 |  18.2
        D:8 |    1134 |     607 |  34.9 |      20 |       1 |   4.8
        D:9 |     100 |     192 |  65.8 |       4 |       3 |  42.9
      Sewer |       0 |     321 | 100.0 |       0 |      48 | 100.0
            +---------+---------+-------+---------+---------+-------
